 Dungeon Crawl Stone Soup version 0.18-a0-1789-gbeff17f (webtiles) character file.

135970 wvc the Fencer (level 16, -11/126 HPs)
             Began as a Demonspawn Artificer on Apr 21, 2016.
             Was the Champion of Okawaru.
             Mangled by an iron troll simulacrum (20 damage)
             ... in an ice cave.
             The game lasted 01:22:19 (33522 turns).

wvc the Fencer (Demonspawn Artificer)              Turns: 33522, Time: 01:22:19

Health: -11/126    AC: 27    Str: 12    XL:     16   Next: 65%
Magic:  18/18      EV: 11    Int: 14    God:    Okawaru [******]
Gold:   901        SH: 11    Dex: 23    Spells: 5 memorised, 2 levels left

rFire  + . .     SeeInvis .     d - +5 double sword (vamp)
rCold  + . .     Gourm    .     P - +1 shadow dragon armour
rNeg   + . .     Faith    +     Z - +0 shield {reflect}
rPois  +         Spirit   .     W - +0 helmet "Kapoad Zite" {Stlth+}
rElec  .         Dismiss  .     X - +1 cloak {rPois}
rCorr  .         Reflect  +     (gloves unavailable)
SustAt .         Harm     .     r - +2 pair of boots of the Assassin {DetectMon Stab+ Stlth++}
MR     +....                    j - amulet of faith
Stlth  +++++++...               g - +3 ring of dexterity
                                z - ring of positive energy

@: studying Ice Magic, somewhat resistant to hostile enchantments, extremely
stealthy
A: claws 3, slimy green scales 3, camouflage 1, cold resistance 1, demonic
guardian 1, fire resistance 1, sense surroundings 2, spiny 3, wild magic 1
a: Heroism, Finesse, Renounce Religion


You were in an ice cave.
You worshipped Okawaru.
Okawaru was exalted by your worship.
You were not hungry.

You visited 5 branches of the dungeon, and saw 28 of its levels.
You also visited: Labyrinth, Sewer and Ice Cave.

You collected 2750 gold pieces.
You spent 1849 gold pieces at shops.

Inventory:

Hand Weapons
 a - a +1 scimitar of electrocution
 b - a +2 rapier of protection
 d - a +5 vampiric double sword (weapon)
Armour
 r - the +2 pair of boots of the Assassin (worn) {DetectMon Stab+ Stlth++}
   (Okawaru gifted it to you on level 5 of the Lair of Beasts)

   It makes you much more stealthy.
 u - a +0 hat of magic resistance
 B - the +2 helmet of the Suburbs {rCorr}
   (You found it on level 4 of the Dungeon)

   It protects you from acid and corrosion.
 P - a +1 shadow dragon armour (worn)
 W - the +0 helmet "Kapoad Zite" (worn) {Stlth+}
   (You found it on level 12 of the Dungeon)

   It makes you more stealthy.
 X - a +1 cloak of poison resistance (worn)
 Z - a +0 shield of reflection (worn)
Rods
 G - a +4 rod of inaccuracy (10/10)
   (You found it on level 8 of the Lair of Beasts)
Jewellery
 g - a +3 ring of dexterity (right claw)
 j - an amulet of faith (around neck)
 z - a ring of positive energy (left claw)
 R - an uncursed ring of sustain attributes
Wands
 c - a wand of flame (8/48)
 n - a wand of confusion (14/48)
 o - a wand of lightning (10/15)
 t - a wand of digging (14/24)
 A - a wand of paralysis (13/24)
 C - a wand of disintegration (3/24)
Scrolls
 k - 6 scrolls of magic mapping
 q - 9 scrolls of remove curse
 x - a scroll of summoning
 D - 3 scrolls of immolation
 E - 4 scrolls of recharging
 I - a scroll of fog
 J - 3 scrolls of enchant armour
 K - a scroll of identify
 N - 6 scrolls of amnesia
 O - 2 scrolls of blinking
 S - 3 scrolls of teleportation
Potions
 e - 2 potions of resistance
 i - 14 potions of curing
 l - 2 potions of might
 p - 3 potions of cancellation
 s - 3 potions of agility
 v - 3 potions of haste
 w - a potion of berserk rage
 F - 3 potions of brilliance
 L - 2 potions of ambrosia
 V - 6 potions of cure mutation
 Y - 2 potions of invisibility
Books
 m - the Grimoire of Protection and the Oath
   (You found it on level 12 of the Dungeon)

   Spells                             Type                      Level
   a - Confusing Touch                Hexes                        2
   b - Fulminant Prism                Conjuration/Hexes            4
   c - Haste                          Charms                       6
   d - Invisibility                   Hexes                        6
 y - a manual of Ice Magic
Miscellaneous
 H - a phial of floods
 M - a phial of floods
 Q - a fan of gales
 U - a legendary deck of changes {Wild Magic}
Comestibles
 f - 3 bread rations
 h - 11 meat rations


   Skills:
 + Level 11.5 Fighting
 - Level 14.2(16.9) Short Blades
 - Level 15.5(17.5) Long Blades
 + Level 10.6 Armour
 + Level 11.8 Dodging
 - Level 0.8 Stealth
 * Level 6.5 Shields
 + Level 2.2 Invocations
 - Level 3.0 Evocations


You had 2 spell levels left.
You knew the following spells:

 Your Spells              Type           Power        Failure   Level  Hunger
a - Apportation           Tloc           #.........   100%        1    ##.....
b - Summon Butterflies    Summ           #.......     100%        1    ##.....
c - Swiftness             Chrm/Air       #.......     100%        2    ###....
d - Regeneration          Chrm/Necr      #.........   100%        3    ####...
e - Haste                 Chrm           #.......     100%        6    #######


Dungeon Overview and Level Annotations

Branches:
Dungeon (13/15)            Temple (1/1) D:7            Lair (8/8) D:8
 Shoals (0/4) Lair:3        Snake (4/4) Lair:3        Slime (0/6) Lair:7
    Orc (2/2) D:12            Elf (0/3) Orc:2        Vaults (0/5) D:13

Altars:
Ashenzari
Dithmenos
Elyvilon
Fedhas
Gozag
Kikubaaqudgha
Makhleb
Okawaru
Qazlal
Ru
Trog
Xom
Yredelemnul
Zin

Shops:
D:6 (   D:10 [   D:12 *   Orc:2 ![}[   Snake:4 *

Annotations:
D:7 exclusion: oklob plant IceCv exclusion: ice statue


Innate Abilities, Weirdness & Mutations

You have claws for hands.
You are completely covered in slimy green scales (AC +4, rPois).
A weak demonic guardian rushes to your aid.
Your flesh is heat resistant.
You are completely covered in sharp spines.
Your skin changes colour to match your surroundings (Stealth).
Your flesh is cold resistant.
You passively map the area around you.
Your spells are a little harder to cast, but a little more powerful.


Message History

You slice the iron troll simulacrum!!
You hit the iron troll simulacrum but do no damage.
The iron troll simulacrum bites you but does no damage.
The iron troll simulacrum claws you but does no damage.
The iron troll simulacrum claws you. The iron troll simulacrum freezes you!
You resist.
You hit the iron troll simulacrum but do no damage.
You slash the iron troll simulacrum!
You hit the iron troll simulacrum but do no damage.
The iron troll simulacrum bites you! The iron troll simulacrum freezes you!!
You resist.
* * * LOW HITPOINT WARNING * * *
The iron troll simulacrum claws you but does no damage.
You block the iron troll simulacrum's attack.
You hit the iron troll simulacrum.
You hit the iron troll simulacrum but do no damage.
You hit the iron troll simulacrum. The iron troll simulacrum bites you!
* * * LOW HITPOINT WARNING * * *
The iron troll simulacrum freezes you!! You resist.
You die...

# ,#.#.#.#.#,,,####.......
* #8
#'#'#'#'###,#..#....... ,
.,#.......'.# +.4#.......
*#.#.8.8.8.########.......
** ,
#.#............#.........
{#.'............'.....⌠...
*
#.#............#.........
*#.#.8.8.8.########.......
* . #.....@.+{*,
{4#....... **
*#8,#'#'#'#Z#**
*.4#....... # #.#.#.#.#
####....... *,#########
........ , , #.....# * *
#####


You could see an iron troll simulacrum.

Vanquished Creatures
  3 greater nagas
  Donald (Snake:1)
  An azure jelly (Snake:4)
  Aizul (Snake:1)
  3 vault guards (D:13)
  A minotaur (Lab)
  Josephine (D:11)
  4 naga warriors
  11 hydras
  7 anacondas
  Erolcha (D:12)
  3 catoblepae (Lair:8)
  2 centaur warriors (D:12)
  An ogre mage (D:13)
  2 tengu warriors (D:13)
  2 orc high priests (Orc:2)
  21 death yaks
  5 shock serpents
  2 naga sharpshooters (Snake:2)
  Nergalle (D:12)
  4 large abominations (D:10)
  2 unseen horrors
  A wizard (D:10)
  5 orc knights
  4 naga ritualists
  A deep elf archer (D:13)
  3 hill giants
  2 deep elf magi (D:12)
  5 orc sorcerers
  A manticore (D:12)
  3 ugly things
  3 mana vipers
  4 salamanders
  28 elephants
  Psyche (D:10)
  35 black mambas
  Joseph (D:7)
  2 ice statues (IceCv)
  3 guardian serpents
  7 naga magi
  A gargoyle (D:13)
  13 spiny frogs
  4 rime drakes
  The ghost of wvc the Cutter, a novice DsAr of Okawaru (D:6)
  10 komodo dragons
  3 freezing wraiths
  2 anaconda simulacra (IceCv)
  4 ice devils (IceCv)
  6 trolls
  A two-headed ogre (D:10)
  A polar bear (Lair:8)
  16 blink frogs
  A slime creature (D:12)
  2 wyverns
  A spriggan (Lair:3)
  3 shadows
  4 wraiths (D:11)
  A hog (D:11)
  12 hippogriffs
  2 dire elephant simulacra (IceCv)
  2 hungry ghosts
  5 basilisks
  A steam dragon (Lair:5)
  42 yaks
  2 humans
  A mottled dragon (D:12)
  2 harpy simulacra (IceCv)
  21 nagas
  4 wargs
  12 water moccasins
  2 hydra simulacra (IceCv)
  Edmund (D:4)
  7 porcupines
  5 ice beasts
  14 orc warriors
  2 phantoms
  3 black bears
  3 sky beasts
  An eye of draining (D:12)
  8 ogres
  A necrophage (D:3)
  5 wolves (Lair:2)
  4 centaurs
  17 crocodiles
  A big kobold (D:12)
  12 giant frogs
  2 scorpions
  18 killer bees
  12 wights
  2 howler monkeys (D:10)
  An electric eel (Lair:5)
  6 crimson imps
  6 small abominations (D:10)
  2 giant frog zombies
  14 orc priests
  2 giant frog skeletons
  3 jellies
  3 centaur zombies
  2 centaur skeletons
  9 iguanas
  22 orc wizards
  9 worker ants
  A killer bee zombie (D:9)
  18 sheep
  A worker ant zombie (D:6)
  12 adders
  30 river rats
  3 shadow imps
  An ooze (D:1)
  An adder zombie (D:5)
  2 worms (D:3)
  2 dart slugs (D:4)
  7 giant geckos
  58 orcs
  5 giant cockroaches
  6 goblins
  4 hobgoblins
  9 jackals
  7 quokkas
  2 ball pythons
  9 bats
  6 giant newts
  9 kobolds
  2 quokka skeletons
  12 rats
774 creatures vanquished.

Vanquished Creatures (collateral kills)
  A hydra (Lair:5)
  An orc high priest (Orc:2)
  An orc knight (Orc:2)
  A siren (Lair:3)
  An elephant (Lair:7)
  A centaur zombie (D:11)
  A naga mage (Snake:2)
  A black mamba (Snake:2)
  A spiny frog (Lair:3)
  A komodo dragon (Lair:7)
  2 blink frogs
  A small abomination (D:10)
  A hungry ghost (D:10)
  Purgy (Sewer)
  2 orc warriors
  A centaur (D:7)
  A crimson imp (D:3)
  A jelly (D:5)
  2 giant frog skeletons
  2 river rats (Lair:7)
24 creatures vanquished.

Vanquished Creatures (others)
  48 fungi
  19 plants
67 creatures vanquished.

Grand Total: 865 creatures vanquished

Notes
Turn   | Place    | Note
--------------------------------------------------------------
     0 | D:1      | wvc the Demonspawn Artificer began the quest for the Orb.
     0 | D:1      | Reached XP level 1. HP: 15/15 MP: 3/3
    17 | D:1      | Reached skill level 1 in Short Blades
   165 | D:1      | Gained mutation: A weak demonic guardian rushes to your aid. [demonic ancestry]
   165 | D:1      | Reached XP level 2. HP: 20/21 MP: 4/4
   858 | D:2      | Gained mutation: You are partially covered in slimy green scales (AC +2). [demonic ancestry]
   858 | D:2      | Reached XP level 3. HP: 21/26 MP: 5/5
   885 | D:2      | Found a shadowy altar of Dithmenos.
  1915 | D:3      | Gained mutation: You have sharp fingernails. [demonic ancestry]
  1915 | D:3      | Reached XP level 4. HP: 32/32 MP: 6/6
  1937 | D:3      | Noticed an ogre
  1950 | D:3      | Killed an ogre
  1950 | D:3      | Reached XP level 5. HP: 15/37 MP: 7/7
  2167 | D:3      | Noticed a necrophage
  2171 | D:3      | Killed a necrophage
  2171 | D:3      | Reached skill level 5 in Short Blades
  2366 | D:3      | Reached XP level 6. HP: 43/43 MP: 8/8
  2684 | D:4      | Noticed Edmund
  2701 | D:4      | Killed Edmund
  3141 | D:4      | Got a spiked helmet
  3147 | D:4      | Identified the +2 helmet of the Suburbs {rCorr} (You found it on level 4 of the Dungeon)
  3401 | D:5      | Entered Level 5 of the Dungeon
  3518 | D:5      | Gained mutation: You have very sharp fingernails. [demonic ancestry]
  3518 | D:5      | Reached XP level 7. HP: 48/48 MP: 9/9
  3559 | D:5      | Found a bloodstained altar of Trog.
  3559 | D:5      | Found a glowing silver altar of Zin.
  3559 | D:5      | Found a shadowy altar of Dithmenos.
  3559 | D:5      | Found a stormy altar of Qazlal.
  3566 | D:5      | Found an ancient bone altar of Kikubaaqudgha.
  3566 | D:5      | Found an opulent altar of Gozag.
  3992 | D:6      | Goblin1989: А почему маленькие ножички выбираешь? У них же вроде с уроном проблемы
  4041 | D:5      | wvc: за Ar с ними стартуешь, да и позже они всё равно ничотак
  4041 | D:5      | wvc: к экстендеду можно в лонги перекачаться
  4101 | D:6      | Noticed wvc's ghost (novice DsAr)
  4134 | D:6      | Killed wvc's ghost
  4247 | D:6      | Gained mutation: You are partially covered in sharp spines. [demonic ancestry]
  4247 | D:6      | Reached XP level 8. HP: 43/54 MP: 10/10
  4417 | D:6      | Found a glowing drain.
  4442 | Sewer    | Entered a sewer
  4525 | Sewer    | Noticed Purgy
  4535 | Sewer    | Killed Purgy
  4786 | D:6      | Found Futhumet's Weapon Shop.
  5252 | D:6      | Reached skill level 10 in Short Blades
  5842 | D:7      | Reached XP level 9. HP: 46/59 MP: 11/11
  6045 | D:7      | Found an ancient bone altar of Kikubaaqudgha.
  6045 | D:7      | Noticed an oklob plant
  6126 | D:7      | Noticed Joseph
  6328 | D:7      | Found a basalt altar of Yredelemnul.
  6412 | D:7      | Found a burning altar of Makhleb.
  6608 | D:7      | Found a staircase to the Ecumenical Temple.
  7284 | D:7      | Killed Joseph
  7358 | Temple   | Entered the Ecumenical Temple
  7366 | Temple   | Became a worshipper of Warmaster Okawaru
  7588 | D:8      | Noticed a hill giant
  7603 | D:8      | Killed a hill giant
  8050 | D:8      | Reached * piety under Okawaru
  8160 | D:8      | Gained mutation: You are mostly covered in sharp spines. [demonic ancestry]
  8160 | D:8      | Reached XP level 10. HP: 51/65 MP: 12/12
  8286 | D:8      | Found a staircase to the Lair.
  8565 | D:9      | Reached ** piety under Okawaru
  8676 | D:9      | You fall through a shaft for 2 floors!
  8940 | D:11     | Killed an unseen horror
  8945 | D:11     | Noticed a five-headed hydra
  8972 | D:11     | Killed a five-headed hydra
  8972 | D:11     | Reached skill level 1 in Armour
  9225 | D:11     | Reached *** piety under Okawaru
  9239 | D:11     | Noticed Josephine
  9279 | D:11     | Gained mutation: You have claws for hands. [demonic ancestry]
  9279 | D:11     | Reached XP level 11. HP: 48/73 MP: 13/13
  9441 | D:11     | Noticed a brown ugly thing
  9457 | D:11     | Killed a brown ugly thing
  9506 | D:11     | Killed Josephine
  9506 | D:11     | Reached **** piety under Okawaru
  9709 | D:11     | Goblin1989: опять когти что ли? О_О
  9726 | D:11     | wvc: угу
  9728 | D:11     | Goblin1989: ппц
  9825 | D:11     | Noticed a hill giant
  9845 | D:11     | Killed a hill giant
 10038 | D:11     | Reached skill level 5 in Dodging
 10056 | D:11     | Goblin1989: я монков убивал пачками ради когтей, раза с 20-о только появлялись. А у тебя два раза подряд.
 10088 | D:10     | Entered Level 10 of the Dungeon
 10100 | D:11     | Goblin1989: везет
 10102 | D:11     | Reached ***** piety under Okawaru
 10146 | D:11     | Reached skill level 5 in Armour
 10233 | D:10     | Noticed Psyche
 10246 | D:10     | Killed Psyche
 10272 | D:10     | Noticed a wizard
 10283 | D:10     | Killed a wizard
 10478 | D:10     | Found Vituiz's Armour Boutique.
 10525 | D:10     | Bought a +1 cloak of poison resistance for 175 gold pieces
 10525 | D:10     | Bought a +0 buckler for 58 gold pieces
 10540 | D:10     | Gained mutation: You have sharp toenails. [potion of mutation]
 10540 | D:10     | Gained mutation: You passively map a small area around you. [potion of mutation]
 10540 | D:10     | Gained mutation: Armour fits poorly on your strangely shaped body. [potion of mutation]
 10541 | D:10     | Lost mutation: You have sharp toenails. [potion of mutation]
 10541 | D:10     | Gained mutation: You possess an exceptional clarity of mind. [potion of mutation]
 10541 | D:10     | Gained mutation: You are frail (-10% HP). [potion of mutation]
 10542 | D:10     | Gained mutation: You are occasionally teleported next to monsters. [potion of mutation]
 10542 | D:10     | Lost mutation: Armour fits poorly on your strangely shaped body. [potion of mutation]
 10542 | D:10     | Gained mutation: You can translocate small distances at will. [potion of mutation]
 10543 | D:10     | Gained mutation: Your body sometimes deteriorates upon taking damage. [potion of mutation]
 10543 | D:10     | Gained mutation: You occasionally shout uncontrollably at your foes. [potion of mutation]
 10543 | D:10     | Gained mutation: You passively map the area around you. [potion of mutation]
 10551 | D:10     | Lost mutation: You are frail (-10% HP). [potion of cure mutation]
 10551 | D:10     | Lost mutation: Your body sometimes deteriorates upon taking damage. [potion of cure mutation]
 10551 | D:10     | Lost mutation: You can translocate small distances at will. [potion of cure mutation]
 10551 | D:10     | Lost mutation: You are occasionally teleported next to monsters. [potion of cure mutation]
 10551 | D:10     | Lost mutation: You occasionally shout uncontrollably at your foes. [potion of cure mutation]
 10551 | D:10     | Lost mutation: You possess an exceptional clarity of mind. [potion of cure mutation]
 10636 | D:10     | Noticed a large abomination
 10671 | D:10     | Goblin1989: неплохой бренд для начала игры
 10916 | D:10     | Killed a large abomination
 11308 | D:10     | Noticed a large abomination
 11339 | D:10     | Killed a large abomination
 11395 | D:10     | Noticed a large abomination
 11574 | D:10     | Killed a large abomination
 11612 | D:10     | Reached skill level 5 in Fighting
 11960 | D:10     | Goblin1989: откуда столько этих тел? Какую-то дверь открыл что ли?
 11961 | D:10     | wvc: вот этот волт по-ходу
 11961 | D:10     | wvc: мануал лонгов!
 11961 | D:10     | Goblin1989: понял
 12139 | D:10     | Gained mutation: You are completely covered in sharp spines. [demonic ancestry]
 12139 | D:10     | Reached XP level 12. HP: 86/86 MP: 14/14
 12399 | D:9      | Learned a level 1 spell: Apportation
 12401 | D:9      | Learned a level 1 spell: Summon Butterflies
 12771 | Lair:1   | Entered Level 1 of the Lair of Beasts
 13698 | Lair:1   | Received a gift from Okawaru
 14072 | Lair:1   | Goblin1989: лонги качать не будешь чтобы окавару нормальное оруже подарить успел?
 14105 | Lair:2   | wvc: Ну, как-то так. Если найду норм пушку, начну перекачиваться
 14229 | Lair:2   | Learned a level 2 spell: Swiftness
 15232 | Lair:2   | Received a gift from Okawaru
 15393 | Lair:3   | Noticed a five-headed hydra
 15413 | Lair:3   | Killed a five-headed hydra
 15868 | Lair:3   | Found a staircase to the Snake Pit.
 16042 | Lair:3   | Found a staircase to the Shoals.
 16243 | Lair:4   | Found a labyrinth entrance.
 16252 | Lab      | Entered a labyrinth
 16332 | Lab      | Noticed a minotaur
 16357 | Lab      | Killed a minotaur
 16357 | Lab      | Gained mutation: You are mostly covered in slimy green scales (AC +3). [demonic ancestry]
 16357 | Lab      | Reached XP level 13. HP: 42/98 MP: 13/15
 16380 | Lab      | Learned a level 3 spell: Regeneration
 16561 | Lair:4   | ololoev: yo boyz
 16574 | Lair:4   | Reached ****** piety under Okawaru
 16574 | Lair:4   | Reached skill level 1 in Long Blades
 16577 | Lair:4   | Reached skill level 2 in Long Blades
 16789 | Lair:4   | wvc: ayyy
 16859 | Lair:4   | Received a gift from Okawaru
 16863 | Lair:4   | Reached skill level 3 in Long Blades
 16875 | Lair:4   | Reached skill level 4 in Long Blades
 17738 | Lair:5   | Reached skill level 5 in Long Blades
 17759 | Lair:5   | Received a gift from Okawaru
 17759 | Lair:5   | Reached skill level 6 in Long Blades
 17763 | Lair:5   | wvc: опача
 17763 | Lair:5   | wvc: спасибо, Ока
 17768 | Lair:5   | beem: I am beem. For help, type: !beem help
 17768 | Lair:5   | namelastname112: вкусняшка
 17768 | Lair:5   | wvc: сейчас они любым оружием стабать позволяют?
 17768 | Lair:5   | namelastname112: ололоев, ты тут?
 17768 | Lair:5   | Goblin1989: а детектмон как сэинвиз не работает?
 17768 | Lair:5   | namelastname112: да, любым
 17777 | Lair:5   | namelastname112: не работает как синв, нет
 18305 | Lair:5   | Reached skill level 7 in Long Blades
 18324 | Lair:5   | Goblin1989: читал ваш вчерашний чатик у ололоева с утречка. Весело вам там было.
 18349 | Lair:5   | namelastname112: где он от голода умирал?
 18376 | Lair:5   | Reached skill level 8 in Long Blades
 18893 | Lair:6   | Reached skill level 9 in Long Blades
 19051 | Lair:6   | Goblin1989: агась
 19131 | Lair:6   | Reached skill level 10 in Long Blades
 19568 | Lair:7   | Goblin1989: ну умер-то не от голода
 19574 | Lair:7   | Gained mutation: Your spells are a little harder to cast, but a little more powerful. [potion of beneficial mutation]
 19601 | Lair:7   | namelastname112: лол
 19724 | Lair:7   | namelastname112: это да
 19791 | Lair:7   | Reached skill level 11 in Long Blades
 20031 | Lair:7   | Received a gift from Okawaru
 20035 | Lair:7   | Reached skill level 12 in Long Blades
 20255 | Lair:7   | Goblin1989: я думаю что этот челендж все-таки орком с хлебом проходить нужно
 20725 | Lair:7   | Goblin1989: +3 к топорам, +3 инвоки, остальные "файтерские" таланты положительные.
 20753 | Lair:7   | Received a gift from Okawaru
 20761 | Lair:7   | Goblin1989: а можно вообще берсерком
 20769 | Lair:7   | Goblin1989: орком
 20986 | Lair:7   | Goblin1989: я пожалуй дома попробую
 21006 | Lair:7   | Goblin1989: только инишку допилю туда нормальную
 21011 | Lair:7   | Reached XP level 14. HP: 104/104 MP: 16/16
 21427 | Lair:7   | Reached skill level 13 in Long Blades
 21623 | Lair:7   | Received a gift from Okawaru
 21626 | Lair:7   | ololoev: да, тут
 21629 | Lair:7   | Got a shimmering plate armour {god gift}
 21640 | Lair:7   | Identified the +2 plate armour of Baldness {rF+} (Okawaru gifted it to you on level 7 of the Lair of Beasts)
 21708 | Lair:7   | Found a staircase to the Slime Pits.
 21788 | Lair:7   | namelastname112: я короче собирась в гдд запостить предложения новых цветов др
 21798 | Lair:7   | namelastname112: мне нужна идея для дыхания
 21798 | Lair:7   | HP: 2/105 [eight-headed hydra (10)]
 21803 | Lair:7   | Reached skill level 1 in Invocations
 21804 | Lair:7   | namelastname112: типа шадоу драк
 21804 | Lair:7   | Goblin1989: святое-какое-нибудь
 21804 | Lair:7   | namelastname112: +1 к некре и стелсу
 21805 | Lair:7   | namelastname112: рн+
 21942 | Lair:7   | Goblin1989: не
 22061 | Lair:7   | ololoev: надо для начала чекнуть список из bad ideas
 22061 | Lair:7   | namelastname112: только хз, что с дыханием
 22102 | Lair:8   | Entered Level 8 of the Lair of Beasts
 22117 | Lair:8   | namelastname112: надо чтобы не просто болт дрейна был
 22130 | Lair:8   | Gained mutation: Your skin changes colour to match your surroundings (Stealth). [potion of beneficial mutation]
 22131 | Lair:8   | namelastname112: а что-то особенное
 22131 | Lair:8   | Gained mutation: Your flesh is cold resistant. [potion of beneficial mutation]
 22143 | Lair:8   | Reached skill level 10 in Dodging
 22180 | Lair:8   | namelastname112: ну холи др это уже другая идея
 22192 | Lair:8   | namelastname112: она у меня тоже была
 22246 | Lair:8   | namelastname112: дать холи парням никакой резист или рхоли
 22315 | Lair:7   | namelastname112: +1 или +2 к инвокациям
 22366 | Lair:8   | namelastname112: и вот с дыханием опять хз что
 22705 | Lair:8   | Goblin1989: а это
 22731 | Lair:8   | Goblin1989: как хеллфайер что-нибудь есть?
 22902 | Lair:8   | Goblin1989: ну или с подобной механикой
 23013 | Lair:8   | ololoev: как хеллфайер есть мутка у Дс
 23026 | Lair:8   | ololoev: нашел в бэд айдиас: Draconians in statue form breathe large rocks
 23029 | Lair:8   | Goblin1989: толоько не АОЕ-шное
 23058 | Lair:8   | namelastname112: лол блять
 23063 | Lair:8   | namelastname112: лардж рокс
 23088 | Lair:8   | Received a gift from Okawaru
 23350 | Lair:8   | namelastname112: ну так вот
 23379 | Lair:8   | Goblin1989: а что за мутка? не помню таковой
 23396 | Lair:8   | ololoev: Whenever you eat a chunk of hydra flesh, two more should spawn in your inventory. Unless you have fire breath
 23399 | Lair:8   | namelastname112: я думал короче шадоу дать дрейн рыгалово
 23489 | Lair:8   | namelastname112: которое на пути рандомно оставляет негейтив энерджи облака
 23514 | Lair:8   | ololoev: будет слишом имбово с облаками
 23550 | Lair:8   | ololoev: у меня есть примерно бэд айдиа
 23550 | Lair:8   | Reached skill level 14 in Long Blades
 23556 | Lair:8   | Received a gift from Okawaru
 23563 | Lair:8   | namelastname112: ну вот и я так думал
 23565 | Lair:8   | Got a bloodstained shield {god gift}
 23571 | Lair:8   | namelastname112: сделать их просто слабее чтоль
 23571 | Lair:8   | Identified the +0 shield of the Stars {rPois rF+} (Okawaru gifted it to you on level 8 of the Lair of Beasts)
 23576 | Lair:8   | namelastname112: или чтобы они растворялись быстро
 23577 | Lair:8   | ololoev: божественный дракониан с +2 к инво
 23594 | Lair:8   | ololoev: дыхание смайтит
 23596 | Lair:8   | namelastname112: лол
 23597 | Lair:8   | namelastname112: читерно
 23614 | Lair:8   | Goblin1989: костяной дракон с кучей резистов и без дыхания
 23626 | Lair:8   | namelastname112: читерно
 23645 | Lair:8   | Goblin1989: не
 23649 | Lair:8   | namelastname112: и уже есть без дыхания
 23810 | Lair:8   | namelastname112: дракон
 23821 | Lair:8   | ololoev: можно сделать суммониана, +2 к саммонам, дыхание суммонирует всякую ересь
 23993 | Lair:8   | namelastname112: какую ересь например
 24010 | Lair:8   | Goblin1989: типа шедоу спелла?
 24011 | Lair:8   | Identified a +4 rod of inaccuracy (10/10) (You found it on level 8 of the Lair of Beasts)
 24014 | Lair:8   | Goblin1989: вызывалка которая
 24039 | Lair:8   | namelastname112: суммониан лол
 24087 | Lair:8   | Gained mutation: You are completely covered in slimy green scales (AC +4, rPois). [demonic ancestry]
 24087 | Lair:8   | Reached XP level 15. HP: 103/113 MP: 17/17
 24169 | Lair:8   | namelastname112: надо просто шэдоу дыхание придумать
 24169 | Lair:8   | ololoev: шедоу кричерз типа, но слабее
 24177 | Lair:8   | ololoev: иначе имба
 24360 | Lair:8   | namelastname112: но вообще годено
 24502 | Lair:8   | namelastname112: годно*
 24505 | Lair:8   | namelastname112: шэдоу кричурс
 24561 | Lair:7   | namelastname112: минимал дюрейшн
 24566 | Lair:6   | namelastname112: кап 3 моба
 24720 | D:8      | namelastname112: например
 24763 | D:11     | ololoev: можно сделать артимониана: эво +2, дыхание равносильно эвоку рандомной палки: лайтнинг, файер, дрейн, колд, эксид
 24769 | D:11     | Goblin1989: дракон без ног
 24804 | D:12     | Noticed Erolcha
 24805 | D:12     | ololoev: вот только это полу-ксомониан получается
 24809 | D:12     | Killed Erolcha
 24817 | D:12     | Noticed Nergalle
 24820 | D:12     | Killed Nergalle
 24821 | D:12     | Goblin1989: типа как в китае их изображают
 24973 | D:12     | ololoev: дракон без ног мне напоминает как в ДФ в адвенчурере кто-то потерял ноги и руки, после чего катался по полу и загрызал всех насмерть
 25028 | D:12     | Goblin1989: с талантом к хексами и стелсу
 25044 | D:12     | Goblin1989: почти нага получится
 25194 | D:12     | Goblin1989: только быстрая
 25249 | D:12     | Found a staircase to the Orcish Mines.
 25291 | D:12     | Received a gift from Okawaru
 25552 | D:12     | Got a shimmering helmet
 25563 | D:12     | Identified the +0 helmet "Kapoad Zite" {Stlth+} (You found it on level 12 of the Dungeon)
 25578 | D:12     | Identified a +1 rod of clouds (14/14) (You found it on level 12 of the Dungeon)
 25581 | D:12     | ololoev: короче пошло копирование других рас
 25581 | D:12     | wvc: мутка на стелс, армор на стелс, ботинки и шлем на стелс
 25592 | D:12     | ololoev: но я думаю дэвы и другие тавернчане обосрут идею
 25595 | D:12     | Goblin1989: да не
 25702 | D:12     | Found Tarchun's Blood Bar.
 25711 | D:12     | Goblin1989: я просто вчера какой-то фильм смотрел, вспомнилось
 25749 | D:12     | namelastname112: ну вот суммониан годно звучит
 25992 | D:12     | Identified the Grimoire of Protection and the Oath
 26066 | D:12     | Goblin1989: а так да, оригинального ничегошеньки не лезет в голову
 26073 | D:12     | Learned a level 6 spell: Haste
 26073 | D:12     | ololoev: скажут дрейн нинужно, саммоны имба и рандом, драконы и так норм их уже много
 26097 | Orc:1    | Entered Level 1 of the Orcish Mines
 26098 | Orc:1    | ololoev: но попробовать стоит
 26311 | Orc:1    | namelastname112: ну я вот гаммафанка вчера заебывал
 26395 | Orc:1    | namelastname112: он сказал что идея норм, только надо продумать как следует
 26612 | Orc:1    | namelastname112: и чтобы дыхание было не просто болт оф дрейнинг
 26616 | Orc:2    | Entered Level 2 of the Orcish Mines
 26628 | Orc:2    | ololoev: а то все сидят только запиливают какую-нибудь какашку раз в неделю
 26802 | Orc:2    | Found a staircase to the Elven Halls.
 26903 | Orc:2    | HP: 5/115 [poisoned by an orc wizard]
 27483 | Orc:2    | ololoev: с годи тому назад хорошо было с запиливанием фич
 27533 | Orc:2    | ololoev: помню чуть ли ни каждую неделю чейнджлог выкидывали
 27672 | Orc:2    | namelastname112: а теперь хуй
 28062 | Orc:1    | namelastname112: жаль моттлед не уберут
 28078 | Orc:2    | namelastname112: говно, а не цвет
 28106 | Orc:2    | Reached skill level 15 in Long Blades
 28228 | Orc:2    | Found Kyqud's Distillery.
 28228 | Orc:2    | Found Icoroj's Armour Shop.
 28230 | Orc:2    | Found Pefiumuch's Antique Armour Emporium.
 28230 | Orc:2    | Found Xegrabur's Gadget Shop.
 28236 | Orc:2    | Bought a potion of might for 64 gold pieces
 28236 | Orc:2    | Bought a potion of agility for 64 gold pieces
 28236 | Orc:2    | Bought a potion of agility for 64 gold pieces
 28241 | Orc:2    | ololoev: ??battlemage[3
 28241 | Orc:2    | beem: battlemage[3/7]: KILLUSIONIST
 28246 | Orc:2    | Bought a potion of curing for 48 gold pieces
 28246 | Orc:2    | Bought a potion of curing for 48 gold pieces
 28246 | Orc:2    | Bought a potion of curing for 48 gold pieces
 28246 | Orc:2    | Bought a potion of curing for 48 gold pieces
 28353 | Orc:2    | ololoev: обожаю эту хрень
 28353 | Orc:2    | ololoev: не сдержался
 28391 | D:12     | namelastname112: ??battlemage
 28391 | D:12     | beem: battlemage[1/7]: BATTLEMAGE
 28462 | D:13     | namelastname112: !title battlemage
 28483 | D:13     | beem: battlemage: Invocations (Vehumet)
 28503 | D:13     | ololoev: ??battlemage[7
 28505 | D:13     | beem: battlemage[7/7]: HEXECUTIONER
 28553 | D:13     | namelastname112: !title invocations vehumet
 28869 | D:13     | Reached skill level 10 in Fighting
 28873 | D:13     | beem: invocations vehumet: Luminary of Lethal Lore, Warlock, Sorcerer's Apprentice, Caster of Ruination, Traumaturge, Scholar of Destruction, Battlemage, Meek
 28873 | D:13     | namelastname112: долго думал
 28904 | D:13     | Found a gate to the Vaults.
 28992 | D:13     | ololoev: !lg * won title="Luminary of Lethal Lore"
 28999 | D:13     | beem: 8. mopl the Farming Luminary of Lethal Lore (L27 OpIE of Vehumet), escaped with the Orb and 15 runes on 2016-03-06 17:04:08, with 8065372 points after 238291 turns and 1d+9:57:40.
 29246 | D:13     | ololoev: хмм
 29246 | D:13     | ololoev: было 11
 29452 | Snake:1  | Entered Level 1 of the Snake Pit
 29453 | Snake:1  | ololoev: причем я был последним
 29603 | Snake:1  | ololoev: как минимум 4 игры вырезало
 29617 | Snake:1  | Received a gift from Okawaru
 29719 | Snake:1  | ololoev: из-за cszo интересно?
 29736 | Snake:1  | ololoev: стати морги с cszo потеряны навсегда?
 29803 | Snake:1  | Noticed Donald
 29805 | Snake:1  | namelastname112: нет
 29805 | Snake:1  | ololoev: !lg * won title="Luminary of Lethal Lore" s=name
 29805 | Snake:1  | beem: 8 games for * (won title='Luminary of Lethal Lore'): mopl, elliptic, ololoev, comborobin, Mousus6, runewalsh, stickyfingers, Monsoon
 29805 | Snake:1  | namelastname112: один из девов пилит
 29811 | Snake:1  | namelastname112: ну
 29818 | Snake:1  | Killed Donald
 29820 | Snake:1  | namelastname112: он договорился с тем парнем
 29821 | Snake:1  | namelastname112: который держал cszo
 29827 | Snake:1  | ololoev: !lg * won title="Slime creature" s=name
 29827 | Snake:1  | beem: One game for * (won title='Slime creature'): ololoev
 29827 | Snake:1  | ololoev: хаха!
 29828 | Snake:1  | ololoev: я единственный и неповторимый!
 29828 | Snake:1  | namelastname112: игры на сао перенесут скорее всего
 29835 | Snake:1  | namelastname112: !title jiyva
 29838 | Snake:1  | beem: jiyva: cannot understand jiyva.
 29850 | Snake:1  | namelastname112: !title invocations jiyva
 29850 | Snake:1  | beem: invocations jiyva: Royal Jelly, Squelcher, Blob, Scum, Dissolving Orc, Ooze
 30043 | Snake:1  | Goblin1989: нейм, помнишь ты как-то на каком-то там хитром зеркале орб с дисом вытаскивал по стелсу? что там за сервер был?
 30043 | Snake:1  | namelastname112: лол
 30043 | Snake:1  | Noticed Aizul
 30059 | Snake:1  | Killed Aizul
 30215 | Snake:1  | namelastname112: на хитром зеркале
 30425 | Snake:1  | namelastname112: underhound чели
 30456 | Snake:1  | Reached skill level 1 in Shields
 30465 | Snake:1  | Goblin1989: не
 30578 | Snake:1  | namelastname112: ну я играю на двух серваках
 30584 | Snake:1  | Received a gift from Okawaru
 30894 | Snake:1  | namelastname112: clan и cxc
 30974 | Snake:1  | Goblin1989: дай адрес второго
 30978 | Snake:1  | Reached skill level 10 in Armour
 31123 | Snake:2  | Noticed a greater naga
 31132 | Snake:2  | ololoev: ??cue
 31132 | Snake:2  | beem: cue[1/4]: European Crawl server, located in Germany. http://underhound.eu:8080/ or underhound.eu, port 22, username: terminal, key: http://crawl.develz.org/cao_key http://crawl.develz.org/cao_key.ppk See {putty} for Windows users. Runs 0.10-0.17 and trunk (DCSS, Zot, Sprint, Tut). Formely known as CLAN.
 31146 | Snake:2  | namelastname112: http://crawl.xtahua.com:8080/
 31146 | Snake:2  | Gained mutation: Your flesh is heat resistant. [demonic ancestry]
 31146 | Snake:2  | Reached XP level 16. HP: 113/123 MP: 16/18
 31285 | Snake:2  | ololoev: бим немного удобен
 31285 | Snake:2  | ololoev: самую малость
 31305 | Snake:2  | ololoev: хелмет пригорода, лол
 31330 | Snake:2  | Received a gift from Okawaru
 31341 | Snake:2  | namelastname112: что за тайтл вообще
 31344 | Snake:2  | ololoev: какой?
 31344 | Snake:2  | namelastname112: слайм кричур
 31360 | Snake:2  | ololoev: я же говорю я единственный
 31370 | Snake:2  | ololoev: я был избран дживой
 31495 | Snake:2  | namelastname112: !lg * won title=hand_of_shadow
 31577 | Snake:2  | beem: 4. removemottled the Hand of Shadow (L25 FeBe of Dithmenos), escaped with the Orb and 3 runes on 2016-04-14 13:17:57, with 1686258 points after 65783 turns and 2:14:29.
 31642 | Snake:2  | namelastname112: всего 4 лол
 31844 | Snake:2  | ololoev: целых 4
 32124 | Snake:3  | ololoev: !lg * won title=transcendent
 32219 | Snake:3  | beem: No games for * (won title=transcendent).
 32352 | Snake:3  | namelastname112: !lg * won title=party-goer
 32356 | Snake:3  | Reached skill level 5 in Shields
 32356 | Snake:3  | beem: 1. mibe the Party-goer (L27 FoFi of Ukayaw), escaped with the Orb and 3 runes on 2016-02-03 10:09:48, with 1474340 points after 95429 turns and 5:10:44.
 32422 | Snake:3  | ololoev: а вот это уже странно
 32441 | Snake:3  | ololoev: почему никто рю-тайтл не взял
 32486 | Snake:3  | crauler: >не euphoric
 32498 | Snake:3  | namelastname112: потому что ты итак инвалид
 32498 | Snake:3  | namelastname112: лел
 32671 | Snake:3  | Received a gift from Okawaru
 32803 | Snake:4  | Entered Level 4 of the Snake Pit
 32819 | Snake:4  | Found Xuugg's Assorted Antiques.
 32825 | Snake:4  | namelastname112: !title invocations gozag
 32825 | Snake:4  | wvc: a scroll labeled JEW JIROCOU
 32825 | Snake:4  | beem: invocations gozag: Tycoon, Rich, Opulent, Capitalist, Entrepreneur, Plutocrat, Pauper
 32825 | Snake:4  | crauler: еврейский жирок
 32825 | Snake:4  | Bought a scroll labeled JEW JIROCOU for 32 gold pieces
 32825 | Snake:4  | Bought a scroll of enchant weapon for 240 gold pieces
 32825 | Snake:4  | namelastname112: !lg * won title=pauper
 32825 | Snake:4  | beem: No games for * (won title=pauper).
 32827 | Snake:4  | ololoev: не воткнул
 32829 | Snake:4  | ololoev: откуда тайтлы у гозага?
 32829 | Snake:4  | crauler: это помоему когда в немилости
 32829 | Snake:4  | namelastname112: ну
 32829 | Snake:4  | crauler: паупер
 32829 | Snake:4  | Bought a potion of cure mutation for 800 gold pieces
 32830 | Snake:4  | namelastname112: у всех есть тайлы
 32831 | Snake:4  | Bought an agate ring for 160 gold pieces
 32831 | Snake:4  | namelastname112: у гозага от кол-ва денег
 32831 | Snake:4  | namelastname112: зависит
 32849 | Snake:4  | ololoev: хмм
 32861 | Snake:4  | ololoev: а сколько денег надо?
 32873 | Snake:4  | namelastname112: а хер знает
 32876 | Snake:4  | namelastname112: много
 32878 | Snake:4  | namelastname112: вот что могу сказать
 32881 | Snake:4  | ololoev: !lg * won title=honorless
 32886 | Snake:4  | beem: No games for * (won title=honorless).
 32895 | Snake:4  | ololoev: !lg * won title=honourless
 32900 | Snake:4  | beem: 6. Charmandara the Honourless (L27 HaAr of The Shining One), escaped with the Orb and 11 runes on 2015-11-19 07:59:16, with 7481595 points after 124044 turns and 11:34:22.
 32917 | Snake:4  | crauler: бесчестный эт кто?
 32945 | Snake:4  | crauler: в немилости оки?
 32959 | Snake:4  | Found a frozen archway.
 32967 | Snake:4  | ololoev: немилость тсоя
 32991 | IceCv    | Entered an ice cave
 33006 | IceCv    | namelastname112: !title invocations elyvilon
 33117 | IceCv    | beem: invocations elyvilon: Bringer of Life, Pacifist, Mender, Caregiver, Purifying Dwarf, Purifying Vine, Comforter, Purifying Ant, Purifying Orc, Sinner, Purifying Human, Purifying Elf, Purifying Naga, Practitioner, Purifying Formicid, Purifying Cat, Purifying Draconian, Purifying Tengu, Purifying Octopus, Purifying Centaur, Purifying Gargoyle, Purifying Ogre, Purifying Kobold, Purifying Merfolk, Pu...
 33128 | IceCv    | namelastname112: ой блять
 33134 | IceCv    | namelastname112: насрал
 33148 | IceCv    | crauler: >сел в икарус стал в немилости
 33292 | IceCv    | crauler: *стал безчестным
 33409 | IceCv    | namelastname112: !lg * won title=purifying_cat
 33422 | IceCv    | beem: 2. Elynae the Purifying Cat (L22 FeHe of Elyvilon), escaped with the Orb and 5 runes on 2012-12-04 22:18:21, with 1860349 points after 132787 turns and 5:41:15.
 33472 | IceCv    | namelastname112: там финд короче
 33504 | IceCv    | namelastname112: базарю
 33522 | IceCv    | Mangled by an iron troll simulacrum

Vault maps used:
D:1:      lemuel_arrival_funnel
D:2:      first_bread, grunt_dithmenos_smoke_and_mirrors
D:3:      minmay_bad_closet
D:4:      st_stairs_8, roderic_serpentine_path, uniq_edmund
D:5:      minmay_overflow_temple_hex
D:6:      serial_shops, kennysheep_mini, portal_sewer_entry_b
D:7:      grunt_temple_overflow_open, minmay_temple_entry_enclosed_plants,
          kennysheep_cross_bottleneck, lemuel_oklob_altar, uniq_joseph
D:8:      erik_lair_orcish_takeover
D:10:     serial_shops, nicolae_shop_statue_plus, minmay_misc_feat_x,
          wad_floor_pattern_untrapped, laboratory, uniq_psyche
D:11:     grunt_livestock, uniq_josephine
D:12:     minmay_triangles_in_corner, orc_0_dummy, corexii_corridor_pit,
          minmay_statues_item, guppyfry_shop_blood, uniq_nergalle, uniq_erolcha
D:13:     grunt_vaults_entry_fortified, hangedman_glass_teeth, spider_trap
Temple:   temple_eino_lava_12
Lair:3:   minmay_shoals_entry_lonely_mermaid, guppyfry_snake_entry_garden,
          minivault_24, grunt_forest_large_clearing_hut, lemuel_fruit_tree,
          serial_bayou_shore_a
Lair:4:   lab_entry_generic, nicolae_quartered_pool_super, grunt_megastairs_1
Lair:5:   serial_bayou, serial_bayou_ford_a, serial_bayou_pond_d,
          serial_bayou_crossing, serial_bayou_pond_a
Lair:7:   mu_elephants_graveyard, dpeg_slime_entry_corner
Lair:8:   evilmike_catoblepas_cave
Snake:1:  grunt_ministairs_13, st_stairs_2, nicolae_snake_biting_tails,
          uniq_donald, uniq_aizul
Snake:3:  serial_bayou_shore_b
Snake:4:  minmay_snake_end_coiled, portal_ice_cave_entry_frozen_things,
          serial_shops, shop, hangedman_snake_corridor_split
Orc:2:    grunt_orc_tribal_feast
Lab:      nicolae_lab_garden, labyrinth_skeletal_remains, labyrinth_fake_exit,
          nicolae_lab_swirl, nicolae_lab_grate_2, lab_hedge, nicolae_lab_stuck,
          nicolae_lab_checkerboard
Sewer:    kennysheep_door_sewer
IceCv:    ice_cave_tombish

Skill      XL: |  1  2  3  4  5  6  7  8  9 10 11 12 13 14 15 16 |
---------------+-------------------------------------------------+-----
Short Blades   | 1 2 3 4 5 6 8 10 12 14 | 14.2
Fighting       | 2 5 7 9 10 11 | 11.5
Armour         | 2 6 7 8 10 | 10.6
Dodging        | 3 6 9 10 11 | 11.8
Long Blades    | 12 14 15 | 15.5
Invocations    | 2 |  2.2
Shields        | 2 6 |  6.5
Stealth        | |  0.8
Evocations     | |  3.0

Action                   |  1- 3 |  4- 6 |  7- 9 | 10-12 | 13-15 | 16-18 || total
-------------------------+-------+-------+-------+-------+-------+-------++-------
Melee: Short sword       |    64 |       |       |       |       |       ||    64
       Dagger            |    64 |   187 |   443 |       |       |       ||   694
       Rapier            |    47 |       |   106 |  1075 |    74 |       ||  1302
       Punch             |       |       |       |     3 |     1 |       ||     4
       Scimitar          |       |       |       |       |   795 |       ||   795
       Triple sword      |       |       |       |       |   173 |       ||   173
       Double sword      |       |       |       |       |   100 |   350 ||   450
Invok: Heroism           |       |       |     1 |    15 |    14 |       ||    30
       Finesse           |       |       |       |     1 |     3 |       ||     4
Evoke: Wand              |     4 |     9 |    25 |     9 |     9 |       ||    56
       Fan of gales      |       |       |       |       |     1 |       ||     1
  Use: Scroll            |     6 |     4 |     6 |    14 |    17 |     6 ||    53
       Potion            |       |       |       |    13 |     9 |       ||    22
 Stab: Sleeping          |     1 |     1 |     2 |       |    36 |    20 ||    60
       Confused          |       |     2 |     8 |       |       |       ||    10
       Distracted        |       |       |       |     4 |    19 |     1 ||    24
  Eat: Chunk             |     2 |     3 |     3 |     2 |     4 |       ||    14
       Beef jerky        |     1 |     1 |       |     3 |     4 |     2 ||    11
       Royal jelly       |       |     1 |     1 |       |       |       ||     2
       Fruit             |       |       |     3 |     7 |    11 |       ||    21
       Pizza             |       |       |     1 |    10 |     3 |       ||    14
       Bread ration      |       |       |     1 |     3 |     7 |     2 ||    13
Armor: Leather armour    |    67 |    42 |    60 |       |       |       ||   169
       Ring mail         |       |       |    62 |   235 |   236 |       ||   533
       Skin              |       |       |       |    13 |       |       ||    13
       Shadow dragon arm |       |       |       |       |   297 |   141 ||   438
Dodge: Dodged            |   101 |    71 |   156 |   411 |   684 |    94 ||  1517
Block: Shield            |       |       |       |       |    30 |   136 ||   166
       Reflection        |       |       |       |       |     3 |     7 ||    10
